 Dungeon Crawl Stone Soup version 0.31-a0-870-g10ed682358 (webtiles) character file.

Game seed: 16879203851788176805

2 IcyTea the Trooper (level 1, -1/18 HPs)
             Began as a Demonspawn Fighter on Oct 12, 2023.
             Frozen to death by an endoplasm (4 damage)
             ... on level 1 of the Dungeon.
             The game lasted 00:00:44 (108 turns).

IcyTea the Trooper (Demonspawn Fighter)              Turns: 108, Time: 00:00:46

Health: -1/18      AC:  6    Str: 16    XL:     1   Next: 33%
Magic:  1/1        EV:  8    Int:  9    God:
Gold:   8          SH:  4    Dex: 12    Spells: 0/0 levels left

rFire   . . .        a - +0 flail
rCold   . . .        c - +0 buckler
rNeg    . . .        b - +0 scale mail
rPois   .            (no helmet)
rElec   .            (no cloak)
rCorr   .            (no gloves)
SInv    .            (no boots)
Will    .....        (no amulet) Stlth
                     (no ring)
HPRegen 0.23/turn    (no ring)
MPRegen 0.07/turn

%: no passive effects
@: no status effects
A: no striking features
a: no special abilities


You were on level 1 of the Dungeon.
You visited 1 branch of the dungeon, and saw 1 of its levels.

You collected 8 gold pieces.

Inventory:

Hand Weapons
 a - a +0 flail (weapon)
Armour
 b - a +0 scale mail (worn)
 c - a +0 buckler (worn)
Scrolls
 g - a scroll of identify {unknown}
Potions
 d - a potion of might
 e - a potion of enlightenment {unknown}
 f - a potion of curing {unknown}


   Skills:
 - Level 3.0 Fighting
 + Level 2.0 Maces & Flails
 - Level 2.6 Armour
 - Level 2.6 Shields


You couldn't memorise any spells.
You didn't know any spells.
Your spell library was empty.

Dungeon Overview and Level Annotations

Branches:
Dungeon (1/15)

Altars:

Annotations:
D:1 1 transporter


Message History

The rat bites you but does no damage.
You hit the rat.
You kill the rat!
A quokka comes into view.
The kobold hits you but does no damage. The endoplasm barely misses you.
You hit the kobold.
The kobold is severely wounded.
The kobold hits you but does no damage.
The endoplasm hits you but does no damage.
You hit the endoplasm.
The endoplasm is severely wounded.
The kobold hits you with a +0 club. The endoplasm freezes you.
You are frozen.
The endoplasm freezes you.
You are frozen.
The kobold hits you but does no damage.
You barely miss the endoplasm.
The endoplasm is severely wounded.
You block the kobold's attack. The endoplasm barely misses you.
You barely miss the endoplasm.
The endoplasm is severely wounded.
The kobold barely misses you. The endoplasm freezes you.
You are frozen.
The quokka barely misses you. The endoplasm freezes you.
You are frozen.
The kobold hits you but does no damage.
You hit the endoplasm but do no damage.
The endoplasm is severely wounded.
The quokka completely misses you. The kobold hits you with a +0 club.
* * * LOW HITPOINT WARNING * * *
The endoplasm freezes you.
You are frozen.
* * * LOW HITPOINT WARNING * * *
You barely miss the endoplasm.
The endoplasm is severely wounded.
The quokka bites you but does no damage.
The kobold hits you but does no damage. The endoplasm freezes you.
You are frozen.
You die...

...........
###........ .....
..(........ ....#
.##.#.##### #...#
.#..#.#########...#
.#[...............#
.#..#.........#...#
.#....#######.#KJr#
.#.............)@.#
.#.##.####..#.#.†.#
.#.##.......#.#.#.#
.#.########.#.#.....
.#............#.#.#.#
.##########.###.#.....
.# #.# ....#.##. .#
#.# #[....# .# ..#


You could see an endoplasm, a quokka and a kobold.

Vanquished Creatures
  A bat (D:1)
  A kobold (D:1)
  2 rats (D:1)
4 creatures vanquished.

Notes
Turn   | Place    | Note
-------+----------+-------------------------------------------
     0 | D:1      | IcyTea the Demonspawn Fighter began the quest for the Orb.
     0 | D:1      | Reached XP level 1. HP: 18/18 MP: 1/1
   108 | D:1      | Frozen to death by an endoplasm

Illustrated notes

Levels and vault maps discovered:
D:1:      spicycebolla_arrival_risky_transporter, layout_basic

Skill      XL: |  1 |
---------------+----+-----
Maces & Flails | 2 |  2.0
Fighting       | |  3.0
Armour         | |  2.6
Shields        | |  2.6

Action                     || total
---------------------------++-------
  Melee: Flail             ||    16
 Armour: Scale mail        ||    18
  Dodge: Dodged            ||     9
  Block: Buckler           ||     3

Table legend: (Time is in decaauts)
 A = Elapsed time spent in this place.
 B = Non-inter-level travel time spent in this place.
 C = Inter-level travel time spent in this place.
 D = Time resting spent in this place.
 E = Time spent auto-exploring this place.
 F = Levels seen in this place.
 G = Mean time per level.
                   A        B        C        D        E       F      G
               +--------+--------+--------+--------+--------+-----+--------+
         Total |    113 |    113 |      0 |      0 |     40 |   1 |  113.0 |
       Dungeon |    113 |    113 |      0 |      0 |     40 |   1 |  113.0 |
               +--------+--------+--------+--------+--------+-----+--------+

Top non-repeatable levels by time:
     D:1: 113 daAuts
